Description

Uthermal's implementing Innovation's reaper FE build into 1-1 stim shield push.

VOD

https://www.youtube.com/watch?v=cPGbbGQOd4E

Replay - 2020-08-20 - (T)cure VS (T)uwuThermal

Build Order

Get SALT Encoding   

  12  0:00  SCV  
  13  0:12  SCV  
  14  0:17  Supply Depot  
  14  0:24  SCV  
  15  0:38  SCV  
  15  0:40  Barracks  
  16  0:44  Refinery  
  16  0:50  SCV  
  17  1:03  SCV  
  18  1:15  SCV  
  19  1:28  Orbital Command, Reaper  
  20  1:43  Command Center  
  21  1:54  SCV  
  21  2:00  Supply Depot, Marine  
  22  2:06  SCV  
  23  2:10  Factory  
  22  2:18  SCV  
  22  2:20  Barracks Reactor  
  23  2:24  Refinery  
  23  2:30  SCV  
  24  2:42  SCV  
  24  2:54  Starport, Hellion, SCV  
  24  2:55  Orbital Command  
  24  2:56  Marine x2  
  29  3:06  SCV  
  29  3:14  Marine x2  
  29  3:19  Factory Tech Lab, SCV x2  
  32  3:31  SCV x2  
  32  3:33  Marine x2  
  35  3:40  Cyclone, Starport Tech Lab  
  39  3:43  SCV x2  
  39  3:48  Supply Depot  
  41  3:52  Marine x2  
  41  3:55  SCV x2  
  44  3:58  Supply Depot  
  45  4:07  SCV x2  
  45  4:09  Raven  
  46  4:12  Marine x2  
  49  4:20  Siege Tank  
  49  4:21  SCV x2  
  54  4:28  Command Center  
  54  4:33  SCV x2  
  54  4:34  Marine x2  
  54  4:37  Supply Depot  
  58  4:43  Refinery x2  
  58  4:45  SCV x2  
  60  4:57  SCV  
  60  4:59  Siege Tank  
  64  5:00  Starport Reactor  
  64  5:01  Barracks x2  
  64  5:05  SCV  
  64  5:06  Marine  
  66  5:11  Stimpack  
  66  5:12  Supply Depot  
  66  5:13  SCV x2  
  66  5:24  Marine  
  66  5:25  SCV x2  
  68  5:31  Engineering Bay x2  
  68  5:33  Siege Tank  
  71  5:37  Supply Depot  
  71  5:42  Orbital Command  
  71  5:45  Starport Reactor, Marine x3  
  71  5:46  SCV x2  
  76  5:58  SCV x2  
  76  6:00  Marine x2  
  76  6:02  Terran Infantry Armor Level 1, Terran Infantry Weapons Level 1  
  80  6:05  Orbital Command  
  80  6:08  Siege Tank  
  80  6:10  SCV x2, Marine x3  
  86  6:18  Supply Depot, Marine  
  88  6:22  SCV x2  
  88  6:24  Medivac x2  
  94  6:27  Marine x2  
  94  6:32  Supply Depot, SCV x2  
  98  6:39  Supply Depot, Marine x3  
  100  6:40  Siege Tank  
  100  6:45  Supply Depot, SCV x3, Marine  
  109  6:55  Combat Shield  
  109  6:56  Barracks x2  
  109  6:59  Medivac x2  
  111  7:04  SCV, Marine x3  
  111  7:06  Refinery x2  
  117  7:10  Marine x2  
  117  7:12  Siege Tank  
  117  7:15  Supply Depot  
  122  7:18  SCV x3  
  122  7:19  Armory  
  122  7:22  Marine x3  
  125  7:29  Medivac  
  130  7:31  Supply Depot, SCV x2  
  130  7:32  Marine x2  
  130  7:36  Medivac  
  135  7:40  Marine x2  
  137  7:46  SCV x2, Marine  
  137  7:49  Barracks Reactor x2  
  137  7:50  Supply Depot  
  140  7:52  Siege Tank  
  140  7:55  Marine x2  
  140  7:56  Supply Depot, SCV  
  142  8:00  Marine x3  
  142  8:03  SCV x2  
  142  8:04  Supply Depot x2  
  142  8:05  Medivac  
  148  8:08  SCV  
  147  8:13  Marine x2  
  147  8:15  SCV x2  
  147  8:18  Marine x3  
  147  8:19  Terran Infantry Weapons Level 2, Terran Infantry Armor Level 2  
  150  8:25  Medivac  
  150  8:26  Marine x3  
  156  8:33  Marine x4  
  157  8:35  Sensor Tower  
  157  8:40  Marine x2  
  161  8:41  Siege Tank  
  161  8:45  Terran Vehicle Weapons Level 1  
  161  8:46  Marine  
  161  8:48  Supply Depot  
  165  8:51  Marine x2  
  165  8:55  Medivac x2  
  152  8:57  Marine x4  
  156  9:06  Marine x2  
  157  9:13  Siege Tank, Command Center  
  157  9:14  Marine x5  
  163  9:21  Marine x2  
  167  9:25  Supply Depot x2, Medivac  
  167  9:31  Medivac, Marine  
  173  9:41  Marine x4  
  175  9:45  Siege Tank  
  175  9:46  Marine x3  
  178  9:55  Medivac  
  178  9:57  Marine x2  
Spawning Tool Build Advisor. Get it on Overwolf

Go to:

Details

  • Created by: Ajaxvitre
  • Published on: Aug 24, 2020
  • Modified on: Aug 24, 2020
  • Patch: 4.11.0
  • Difficulty: Hard
Show
View Real Time Build Order
Export as new Build Order

Comments (0)

There are no comments. Be the first!

Create an account to comment!